 Dungeon Crawl Stone Soup version 0.24-a0-619-gb7544fd237 (webtiles) character file.

Game seed: 6344744198501798395, levelgen mode: deterministic

103 Qrupt the Sneak (level 5, -3/30 HPs)
             Began as a Kobold Enchanter on Sept 17, 2019.
             Slain by an orc priest
             ... wielding a +0 mace
              (4 damage)
             ... on level 3 of the Dungeon.
             The game lasted 00:06:56 (2710 turns).

Qrupt the Sneak (Kobold Enchanter)                  Turns: 2710, Time: 00:06:56

Health: -3/30      AC:  2    Str:  6    XL:     5   Next: 6%
Magic:  1/8        EV: 16    Int: 16    God:
Gold:   106        SH:  0    Dex: 16    Spells: 2/8 levels left

rFire    . . .     SeeInvis .   k - +3 dagger (venom)
rCold    . . .     Gourm    .   (shield restricted)
rNeg     . . .     Faith    .   b - +0 robe
rPois    .         Spirit   .   (no helmet)
rElec    .         Reflect  .   (no cloak)
rCorr    .         Harm     .   (no gloves)
MR       .....                  (no boots)
Stlth    +++.......             (no amulet)
HPRegen  0.10/turn              (no ring)
MPRegen  0.11/turn              (no ring)

@: no status effects
A: small, carnivore
a: no special abilities


You were on level 3 of the Dungeon.
You were not hungry.

You visited 1 branch of the dungeon, and saw 3 of its levels.

You collected 106 gold pieces.

Inventory:

Hand Weapons
 a - a +1 dagger
 f - a cursed -1 falchion
 k - a +3 dagger of venom (weapon)
Armour
 b - a +0 robe (worn)
Jewellery
 h - a cursed amulet of inaccuracy {unknown}
Scrolls
 c - 2 scrolls of identify {unknown}
 e - 3 scrolls of remove curse {unknown}
 g - a scroll of magic mapping {unknown}
 i - a scroll of enchant armour {unknown}
 j - 2 scrolls of random uselessness {unknown}
 m - a scroll of enchant weapon {unknown}
Comestibles
 d - 5 rations


   Skills:
 + Level 2.2 Fighting
 + Level 3.2 Short Blades
 + Level 3.5 Dodging
 - Level 4.0 Stealth
 - Level 2.1 Spellcasting
 - Level 3.0 Hexes
 + Level 1.6 Ice Magic


You had 2 spell levels left.
You knew the following spells:

 Your Spells              Type           Power        Failure   Level  Hunger
a - Corona                Hex            ##.....      6%          1    #......
b - Ensorcelled Hibernat  Hex/Ice        #.....       12%         2    ###....
c - Confuse               Hex            ##......     19%         3    ###....

Your spell library contained the following spells:

 Spells                   Type           Power        Failure   Level  Hunger
 Tukima's Dance           Hex            ##......     19%         3    ###....
 Dazzling Spray           Conj/Hex       #.....       32%         3    ###....


Dungeon Overview and Level Annotations

Branches:
Dungeon (3/15)

Altars:
Ashenzari
Okawaru


Innate Abilities, Weirdness & Mutations

You are small and have problems with some larger weapons.
You are carnivorous and can eat meat at any time.


Message History

You hit the orc priest.
The orc priest looks as sick as possible!
The orc priest is moderately wounded.
The orc priest hits you with a +0 mace.
You closely miss the orc priest.
The orc priest is moderately wounded.
The orc priest hits you with a +0 mace.
* * * LOW HITPOINT WARNING * * *
You hit the orc priest.
The orc priest looks as sick as possible!
The orc priest is heavily wounded.
You barely miss the orc priest.
The orc priest is severely wounded.
The orc priest hits you with a +0 mace!
* * * LOW HITPOINT WARNING * * *
You hit the orc priest but do no damage.
The orc priest looks as sick as possible!
The orc priest is almost dead.
The orc priest hits you with a +0 mace.
You die...

#... .# ....
######..####.#....#
##.......)....#....#
#.....$.......#....#
...................#
...................#
............[......#
...........÷)o.#####
.>..........@÷.#
#......>......##
##.....#.....##
#############


You could see an orc priest.

Vanquished Creatures
  Terence (D:2)
  3 adders
  A worm (D:2)
  A dart slug (D:1)
  2 orcs (D:3)
  3 ball pythons
  4 bats
  A giant cockroach (D:2)
  3 goblins
  6 hobgoblins
  4 jackals
  3 quokkas
  4 frilled lizards
  5 kobolds
  6 rats
47 creatures vanquished.

Notes
Turn   | Place    | Note
-------+----------+-------------------------------------------
     0 | D:1      | Qrupt the Kobold Enchanter began the quest for the Orb.
     0 | D:1      | Reached XP level 1. HP: 10/10 MP: 3/3
   320 | D:1      | Found an iron altar of Okawaru.
   324 | D:1      | Reached XP level 2. HP: 14/16 MP: 5/5
   463 | D:1      | Reached skill level 1 in Fighting
   503 | D:1      | Learned a level 2 spell: Ensorcelled Hibernation
  1028 | D:1      | Reached XP level 3. HP: 10/20 MP: 6/6
  1316 | D:2      | Reached skill level 1 in Ice Magic
  1440 | D:2      | Noticed Terence
  1451 | D:2      | Killed Terence
  1451 | D:2      | Reached XP level 4. HP: 12/26 MP: 7/7
  1769 | D:2      | Found a shattered altar of Ashenzari.
  2417 | D:2      | Reached XP level 5. HP: 5/30 MP: 8/8
  2694 | D:3      | Learned a level 3 spell: Confuse
  2709 | D:3      | HP: 1/30 [orc priest/+0 mace (7)]
  2710 | D:3      | Slain by an orc priest

Levels and vault maps discovered:
D:1:      ncdulo_halloftheorcs, layout_basic, minivault_11,
          okawaru_ov_weapons_minmay
D:2:      layout_rooms, nicolae_ashenzari_panopticon, uniq_terence
D:3:      layout_rooms, ebering_ghost_sewer_d

Skill      XL: |  1  2  3  4 |
---------------+-------------+-----
Short Blades   | 2 3 |  3.2
Fighting       | 1 2 |  2.2
Dodging        | 3 |  3.5
Ice Magic      | 1 |  1.6
Stealth        | |  4.0
Spellcasting   | |  2.1
Hexes          | |  3.0

Action                   |  1- 3 |  4- 6 || total
-------------------------+-------+-------++-------
Melee: Dagger            |   108 |    43 ||   151
 Cast: Ensorcelled Hiber |     5 |     4 ||     9
  Use: Potion            |       |     1 ||     1
 Stab: Sleeping          |     5 |     2 ||     7
  Eat: Chunk             |     5 |     1 ||     6
Armor: Robe              |    27 |     7 ||    34
Dodge: Dodged            |    81 |    52 ||   133

Table legend:
 A = Non-vault XP
 B = Vault XP
 C = Vault XP percentage of total XP
 D = Non-vault monster count
 E = Vault monster count
 F = Vault count percentage of total count
                 A         B        C        D         E       F
            +---------+---------+-------+---------+---------+-------
      Total |     112 |      36 |  24.3 |      46 |       1 |   2.1
            +---------+---------+-------+---------+---------+-------
        D:1 |      32 |       0 |   0.0 |      21 |       0 |   0.0
        D:2 |      56 |      36 |  39.1 |      19 |       1 |   5.0
        D:3 |      24 |       0 |   0.0 |       6 |       0 |   0.0
            +---------+---------+-------+---------+---------+-------
